 Dungeon Crawl Stone Soup version 0.27-a0-978-g2aa4ecdaef (webtiles) character file.

Game seed: 8014157541892748025

171 robertstho the Magician (level 5, -8/37 HPs)
             Began as a Djinni Ice Elementalist on Apr 14, 2021.
             Mangled by an ogre
             ... wielding a +0 giant club
              (21 damage)
             ... on level 4 of the Dungeon.
             The game lasted 00:04:23 (3298 turns).

robertstho the Magician (Djinni Ice Elementalist)   Turns: 3298, Time: 00:04:24

Health: -8/37      AC:  2    Str:  7    XL:     5   Next: 51%
Gold:   152        EV: 12    Int: 18    God:
                   SH:  0    Dex: 13

rFire    + + .     SeeInvis .   c - +6 demon blade (drain)
rCold    x . .     Faith    .   (no shield)
rNeg     . . .     Spirit   .   a - +0 robe
rPois    ∞         Reflect  .   (no helmet)
rElec    .         Harm     .   (no cloak)
rCorr    .         Rampage  .   (no gloves)
Will     .....                  (boots unavailable)
Stlth    ++........             (no amulet)
HPRegen  0.12/turn              (no ring)
MPRegen  0.00/turn              (no ring)

@: flying
A: fire resistance 2, cold vulnerability 1, float, innate caster, hp casting,
extra vitality 1
a: no special abilities


You were on level 4 of the Dungeon.
You visited 1 branch of the dungeon, and saw 4 of its levels.

You collected 152 gold pieces.

Inventory:

Hand Weapons
 c - a +6 demon blade of draining (weapon)
 f - a +0 dagger
Armour
 a - a +0 robe (worn)
Jewellery
 k - a +4 ring of slaying
Scrolls
 g - a scroll of teleportation
Potions
 b - 2 potions of resistance
 h - 2 potions of flight
 i - a potion of might {unknown}


   Skills:
 + Level 1.1 Fighting
 + Level 2.0 Long Blades
 + Level 2.7 Dodging
 + Level 1.8 Stealth
 + Level 0.1 Unarmed Combat
 * Level 4.8 Spellcasting


You couldn't memorise any spells.
You knew the following spells:

 Your Spells              Type           Power      Damage    Failure   Level
a - Freeze                Ice            84%        1d10      1%          1
b - Frozen Ramparts       Ice            42%        1d6       5%          3
c - Ozocubu's Armour      Ice            21%        N/A       5%          3
d - Hailstorm             Conj/Ice       21%        3d6       19%         4
e - Metabolic Englaciati  Hex/Ice        10%        N/A       45%         5
f - Foxfire               Conj/Fire      84%        2x1d8     1%          1
g - Static Discharge      Conj/Air       21%        N/A       2%          2
Your spell library was empty.

Dungeon Overview and Level Annotations

Branches:
Dungeon (4/15)
 Temple: D:4-7

Altars:
Nemelex Xobeh
Qazlal
Sif Muna
Yredelemnul

Portals:
Ossuary: D:4


Innate Abilities, Weirdness & Mutations

You are immune to poison.
Your flesh is very heat resistant. (rF++)
You are vulnerable to cold. (rC-)
You float through the air rather than walking.
You learn spells naturally, not from books.
Your magical power is your life essence.
You have superior vitality. (+4 HP)


Message History

As you read the scroll labelled XOCUEVUXINT, it crumbles to dust.
You speak a Word of immense power!
It was a scroll of holy word.
As you read the scroll labelled REATRO RENTORR, it crumbles to dust.
You feel aware of your surroundings.
You sensed 1 altar, and 1 shop/portal.
It was a scroll of magic mapping.
Your magical contamination has completely faded away.
Found a spear.
An adder comes into view.
The adder hisses angrily.
Found a grey potion.
Found an escape hatch in the floor.
Casting: Frozen Ramparts (dangerous; 5% risk of failure)
Confirm with . or Enter, or press ? or * to list all spells.
Aiming: Freeze (safe; 1% risk of failure)
Press: ? - help, Shift-Dir - straight line, f - adder
Aim: an adder You freeze the adder!
The adder is almost dead.
The adder seems to slow down.
The adder bites you.
* * * LOW HITPOINT WARNING * * *
You slash the adder!
You kill the adder!
You hear the slow hiss of an avalanche of sand.
An ogre comes into view. It is wielding a +0 giant club.
Your Long Blades skill increases to level 2!
What are your orders? t - Shout!
Orders for allies: a - Attack new target. r - Retreat! s - Stop attacking. g - Guard the area. f - Follow me.
Anything else - Cancel.
You shout for attention!
The ogre shouts!
You see here a +0 spear.
Found a scroll labelled RAOXTUNN CYFI.
You reach down and open the door.
Found a sand-covered staircase.
There is an open door here.
There is a sand-covered staircase here.
The ogre hits you with a +0 giant club!!
Ouch! That really hurt!
You die...

#.......## ###..### #.....#.#
#..)..## #.....#.# ###.S###
#.....#.# ##### #_.oT.##
#.....#.# ##...##########o.###
#######.#
##.)#O.......#[.....#
#.#####..###..########..###
**#......O##.##...#..#_....##
#.....##.##.@.##....###_..##*
#.....##..##O##...###*#####*
*#.....###..##'..###*,,,,,,,*
#.......,,.!.#.?##,,,,,,,,,,*
#........,.#...#...#**,,,,,,**
#...........>....### *,,,,,,,,
#..........####### *********
*,,,,,,....# *,,,,,,..,>*


You could see an ogre.

Vanquished Creatures
  A phantom (D:4)
  An adder (D:4)
  2 dart slugs (D:1)
  3 orcs (D:3)
  3 ball pythons
  9 endoplasms
  2 giant cockroaches
  5 goblins
  5 hobgoblins
  12 jackals
  7 quokkas
  11 bats
  3 frilled lizards
  A kobold (D:1)
  8 rats
73 creatures vanquished.

Vanquished Creatures (others)
  A plant (D:1)
1 creature vanquished.

Grand Total: 74 creatures vanquished

Notes
Turn   | Place    | Note
-------+----------+-------------------------------------------
     0 | D:1      | robertstho the Djinni Ice Elementalist began the quest for
                  | the Orb.
     0 | D:1      | Reached XP level 1. HP: 15/15 MP: 0/0
   224 | D:1      | Found a faded altar of an unknown god.
   253 | D:1      | Reached XP level 2. HP: 21/21 MP: 0/0
   264 | D:1      | Reached skill level 4 in Spellcasting
   875 | D:1      | Reached XP level 3. HP: 23/25 MP: 0/0
   875 | D:1      | Learned a level 1 spell: Foxfire
  1215 | D:2      | Identified a scroll of acquirement
  1215 | D:2      | Acquired a +6 demon blade of draining
  2445 | D:3      | Reached XP level 4. HP: 31/31 MP: 0/0
  3182 | D:4      | Noticed a troll
  3239 | D:4      | Found a sparkling altar of Nemelex Xobeh.
  3243 | D:4      | Found a stormy altar of Qazlal.
  3244 | D:4      | Found a basalt altar of Yredelemnul.
  3251 | D:4      | Noticed a phantom
  3255 | D:4      | Killed a phantom
  3256 | D:4      | Reached skill level 1 in Fighting
  3256 | D:4      | Reached skill level 1 in Long Blades
  3256 | D:4      | Reached XP level 5. HP: 17/37 MP: 0/0
  3256 | D:4      | Learned a level 2 spell: Static Discharge
  3281 | D:4      | Noticed an ogre
  3294 | D:4      | Found a sand-covered staircase.
  3298 | D:4      | Mangled by an ogre

Illustrated notes

Levels and vault maps discovered:
D:1:      dpeg_arrival_subterranean_lakeside_camping, layout_rooms,
          hellmonk_ecumenical_altar_crossroads, kennysheep_boxes
D:2:      layout_loops_ring
D:3:      layout_loops_cross, corner_web_ring
D:4:      layout_rooms, kennysheep_okawaru_gauntlet, minitemple,
          enter_ossuary_5, minmay_starry_boxes

Skill      XL: |  1  2  3  4  5 |
---------------+----------------+-----
Spellcasting   | 4 |  4.8
Fighting       | 1 |  1.1
Long Blades    | 1 2 |  2.0
Dodging        | |  2.7
Stealth        | |  1.8
Unarmed Combat | |  0.1

Action                   |  1- 3 |  4- 6 || total
-------------------------+-------+-------++-------
Melee: Unarmed           |    27 |       ||    27
       Demon blade       |    26 |    37 ||    63
       Dagger            |     3 |       ||     3
 Cast: Freeze            |    37 |     1 ||    38
       Frozen Ramparts   |     1 |     1 ||     2
  Use: Scroll            |     3 |     5 ||     8
 Stab: Sleeping          |     3 |     2 ||     5
Armor: Robe              |    13 |     8 ||    21
Dodge: Dodged            |    63 |    40 ||   103
       Rpst.: Demon blade |     3 |    11 ||    14

Table legend: (Time is in decaauts)
 A = Elapsed time spent in this place.
 B = Non-inter-level travel time spent in this place.
 C = Inter-level travel time spent in this place.
 D = Time resting spent in this place.
 E = Time spent auto-exploring this place.
 F = Levels seen in this place.
 G = Mean time per level.
                   A        B        C        D        E       F      G
               +--------+--------+--------+--------+--------+-----+--------+
         Total |   3316 |   3230 |     86 |      0 |   2809 |   4 |  829.0 |
       Dungeon |   3316 |   3230 |     86 |      0 |   2809 |   4 |  829.0 |
               +--------+--------+--------+--------+--------+-----+--------+

Top non-repeatable levels by time:
     D:2: 1220 daAuts
     D:1: 1213 daAuts
     D:3: 809 daAuts
     D:4: 72 daAuts
